WCHLSIM.com - West Coast Hockey League
html PUBLIC "-//W3C//DTD XHTML 1.0 Transitional//EN" "http://www.w3.org/TR/xhtml1/DTD/xhtml1-transitional.dtd"> WCHL - Game 267 - SAN JOSE BRONCOS vs ANCHORAGE ACES

SAN JOSE BRONCOS vs ANCHORAGE ACES

Created - 21 décembre 2020 at 20:50

Goals
1 2 3 T
SAN JOSE BRONCOS 0 1 0 1
ANCHORAGE ACES 1 1 0 2
Shots
1 2 3 T
SAN JOSE BRONCOS 8 13 6 27
ANCHORAGE ACES 10 15 10 35

1st period

1. ANCHORAGE ACES , Brandon Saad 5 (Nathan MacKinnon 10, Cale Fleury 1) at 2:18

Penalties :
Nikolaj Ehlers (ANC) for High sticking (Minor) at 19:53

2nd period

2. SAN JOSE BRONCOS , Elias Lindholm 7 (Evgeni Malkin 10, Claude Giroux 7) at 7:02
3. ANCHORAGE ACES , Seth Jones 1 (Nikolaj Ehlers 9) at 11:03

Penalties :
Adam Pelech (SJO) for Hooking (Minor) at 4:28, Jakob Silfverberg (ANC) for Hooking (Minor) at 13:15, Shea Weber (ANC) for Holding (Minor) at 13:34, Jakob Silfverberg (ANC) for Hooking (Minor) at 16:30, Connor Brown (SJO) for Holding (Minor) at 19:45

3rd period

No Goal

Penalties :
Jacob Markstrom (SJO) for Slashing (Minor) at 2:41 - Anthony Beauvillier served the penalty., Connor McDavid (ANC) for Goalie Interference (Minor) at 10:53

Goalie Stats

Jacob Markstrom (SJO), 33 saves from 35 shots - (0,943), L, 10-7-0, 59:54 minutes
Braden Holtby (ANC), 26 saves from 27 shots - (0,963), W, 6-5-0, 60:00 minutes

Players Stats for SAN JOSE BRONCOS

Player Name              G  A  P  +/- PIM S  H  SB GA TA FO     MP     PP MP  PK MP  
------------------------------------------------------------------------------------
Adam Pelech              0  0  0   1  2   0  2  2  0  0  0/0    16:28   0:00   1:12 
Anthony Beauvillier      0  0  0  -1  0   0  1  0  0  0  0/1    12:13   0:00   0:00 
Brayden Point            0  0  0   0  0   4  2  0  0  0  9/24   19:22   3:43   0:00 
Charlie Coyle            0  0  0  -1  0   3  1  0  0  0  4/8     4:17   0:00   0:29 
Chris Tanev              0  0  0  -2  0   2  0  3  0  0  0/0    22:49   3:43   3:49 
Claude Giroux            0  1  1   1  0   2  3  0  0  0  0/1    18:40   4:32   0:00 
Connor Brown             0  0  0   0  2   0  1  1  0  0  0/3    20:10   4:32   0:00 
David Kampf              0  0  0  -1  0   0  0  0  0  0  0/0     3:48   0:00   0:00 
Elias Lindholm           1  0  1   1  0   4  0  0  0  0  1/1    17:51   3:43   0:00 
Evgeni Malkin            0  1  1   1  0   3  1  0  0  0  17/32  21:55   4:32   3:15 
Hampus Lindholm          0  0  0   0  0   0  2  0  0  0  0/0    22:11   3:43   3:14 
Jaccob Slavin            0  0  0   0  0   2  2  2  0  0  0/0    23:54   4:32   3:39 
Jesper Bratt             0  0  0  -1  0   0  2  0  0  0  0/2    12:13   0:00   0:00 
Marco Scandella          0  0  0   1  0   0  0  2  0  0  0/0    14:48   0:00   0:00 
Neal Pionk               0  0  0  -2  0   0  0  0  0  0  0/0    19:49   4:32   0:00 
Nick Bonino              0  0  0  -1  0   2  1  1  0  0  5/14   14:26   0:00   2:13 
Oliver Bjorkstrand       0  0  0   0  0   5  0  0  0  0  2/2    22:04   3:43   2:42 
Tyler Motte              0  0  0  -1  0   0  1  0  0  0  0/0     7:03   0:00   3:15 

Players Stats for ANCHORAGE ACES

Player Name              G  A  P  +/- PIM S  H  SB GA TA FO     MP     PP MP  PK MP  
------------------------------------------------------------------------------------
Ben Chiarot              0  0  0  -1  0   1  3  2  0  0  0/0    23:55   2:54   4:14 
Brandon Saad             1  0  1   1  0   1  0  0  0  0  2/9    15:00   0:00   2:01 
Cal Clutterbuck          0  0  0   1  0   2  3  0  0  0  0/1    15:54   0:00   2:55 
Cale Fleury              0  1  1   1  0   0  1  0  0  0  0/0    12:12   0:00   0:22 
Carl Gunnarsson          0  0  0   1  0   0  0  0  0  0  0/0    18:39   2:54   3:55 
Chris Kreider            0  0  0   0  0   4  0  1  0  0  0/1    16:47   2:47   0:14 
Connor McDavid           0  0  0   1  2   10 3  0  0  0  8/20   15:15   2:47   0:00 
Deryk Engelland          0  0  0  -1  0   0  1  0  0  0  0/0    15:00   0:00   0:00 
Jacob de la Rose         0  0  0  -1  0   1  0  0  0  0  0/0     6:34   0:00   0:00 
Jakob Silfverberg        0  0  0   1  4   4  1  0  0  0  1/1    18:49   3:10   2:53 
Michael Frolik           0  0  0  -1  0   0  0  0  0  0  0/0     6:34   0:00   0:00 
Nate Thompson            0  0  0  -1  0   1  0  0  0  0  5/7     8:03   0:00   1:29 
Nathan MacKinnon         0  1  1   1  0   3  1  0  0  0  11/15  16:09   3:10   0:00 
Nikolaj Ehlers           0  1  1   1  2   3  0  0  0  0  1/2    15:38   3:10   0:00 
Phillip Danault          0  0  0   0  0   2  0  0  0  0  21/31  19:04   0:00   5:18 
Reyley Smith             0  0  0   0  0   0  0  0  0  0  1/1    16:14   2:47   0:00 
Seth Jones               1  0  1   1  0   2  0  1  0  0  0/0    24:50   3:03   4:36 
Shea Weber               0  0  0   1  2   1  0  1  0  0  0/0    25:23   3:03   3:22 

3 Stars

1 - Braden Holtby (ANC)
2 - Jacob Markstrom (SJO)
3 - Seth Jones (ANC)

Power Play

SAN JOSE BRONCOS - 0 on 5 Attempt(s) - 0,00%
ANCHORAGE ACES - 0 on 3 Attempt(s) - 0,00%

Penalty Kill

SAN JOSE BRONCOS - 3 on 3 Attempt(s) - 100,00% - Score 0 goal in Penalty Kill
ANCHORAGE ACES - 5 on 5 Attempt(s) - 100,00% - Score 0 goal in Penalty Kill

Team Stat

SAN JOSE BRONCOS - Hits : 19 - Faceoff Wins : 38 - Blocked Shots : 11 - Penalty Minutes : 6
ANCHORAGE ACES - Hits : 13 - Faceoff Wins : 50 - Blocked Shots : 5 - Penalty Minutes : 10

Official

Referees : Kelly Sutherland and Kendrick Nicholson
Linesman : Kyle Larson and Justin Cornell

Game Notes

No Game Note

Finance

Level 1 -- Attendance: 6000 (100,00%) -- Ticket Income 870 000 $
Level 2 -- Attendance: 5000 (100,00%) -- Ticket Income 530 000 $
Level 3 -- Attendance: 2000 (100,00%) -- Ticket Income 184 000 $
Level 4 -- Attendance: 4000 (100,00%) -- Ticket Income 200 000 $
Luxury Box -- Attendance: 1000 (100,00%) -- Ticket Income 260 000 $
Game was played at the Alaska Center.
Total Attendance: 18000 (100,00%)
Total Ticket Income: 2 044 000 $
Other Income: 715 400 $
Total Income: 2 759 400 $

SAN JOSE BRONCOS

5 vs 5 Forward 
   Center                   Left Wing                Right Wing               Time % Phy DF OF 
 1 Brayden Point            Oliver Bjorkstrand       Connor Brown             36     1   2  2  
 2 Evgeni Malkin            Claude Giroux            Elias Lindholm           33     1   2  2  
 3 Nick Bonino              Anthony Beauvillier      Jesper Bratt             25     1   2  2  
 4 Charlie Coyle            Tyler Motte              David Kampf              6      1   2  2  

5 vs 5 Defense 
   Defense                  Defense                                           Time % Phy DF OF 
 1 Jaccob Slavin            Hampus Lindholm                                   37     1   2  2  
 2 Chris Tanev              Neal Pionk                                        33     1   2  2  
 3 Adam Pelech              Marco Scandella                                   30     1   2  2  
 4 Hampus Lindholm          Jaccob Slavin                                     0      1   2  2  

PowerPlay Forward 
   Center                   Left Wing                Right Wing               Time % Phy DF OF 
 1 Evgeni Malkin            Claude Giroux            Connor Brown             60     1   2  2  
 2 Brayden Point            Oliver Bjorkstrand       Elias Lindholm           40     1   2  2  

PowerPlay Defense
   Defense                  Defense                                           Time % Phy DF OF 
 1 Jaccob Slavin            Neal Pionk                                        60     1   2  2  
 2 Hampus Lindholm          Chris Tanev                                       40     1   2  2  

Penalty Kill 4 Players Forward 
   Center                   Wing                     Time % Phy DF OF 
 1 Nick Bonino              Oliver Bjorkstrand       50     1   2  2  
 2 Evgeni Malkin            Tyler Motte              50     1   2  2  

Penalty Kill 4 Players Defense
   Defense                  Defense                  Time % Phy DF OF 
 1 Jaccob Slavin            Chris Tanev              50     1   2  2  
 2 Hampus Lindholm          Adam Pelech              50     1   2  2  

Penalty Kill - 3 Players Forward 
   Forward                                           Time % Phy DF OF 
 1 Nick Bonino                                       50     1   2  2  
 2 Claude Giroux                                     50     1   2  2  

Penalty Kill - 3 Players Defense
   Defense                  Defense                  Time % Phy DF OF 
 1 Jaccob Slavin            Chris Tanev              55     1   2  2  
 2 Neal Pionk               Adam Pelech              45     1   2  2  

4 vs 4 Forward 
   Center                   Wing                     Time % Phy DF OF 
 1 Brayden Point            Claude Giroux            50     1   2  2  
 2 Evgeni Malkin            Anthony Beauvillier      50     1   2  2  

4 vs 4 Defense
   Defense                  Defense                  Time % Phy DF OF 
 1 Hampus Lindholm          Jaccob Slavin            50     1   2  2  
 2 Adam Pelech              Marco Scandella          50     1   2  2  

Last Minutes Offensive
   Center                   Left Wing                Right Wing               Defense                  Defense                  
   Evgeni Malkin            Claude Giroux            Elias Lindholm           Jaccob Slavin            Neal Pionk               

Last Minutes Defensive
   Center                   Left Wing                Right Wing               Defense                  Defense                  
   Nick Bonino              Oliver Bjorkstrand       Connor Brown             Chris Tanev              Jaccob Slavin            

Goaltenders
Starting : Jacob Markstrom          
Backup : Petr Mrazek              

Extra Forwards
Normal : Connor Brown, Elias Lindholm, Charlie Coyle - PP : Oliver Bjorkstrand, Anthony Beauvillier - PK : Charlie Coyle
Extra Defensemen
Normal : Chris Tanev, Neal Pionk, Adam Pelech - PP : Hampus Lindholm - PK : Chris Tanev, Adam Pelech
Penalty Shots
Evgeni Malkin, Brayden Point, Elias Lindholm, Oliver Bjorkstrand, Claude Giroux
Custom OT Lines Forwards
Evgeni Malkin, Claude Giroux, Brayden Point, Oliver Bjorkstrand, Elias Lindholm, Connor Brown, Nick Bonino, Anthony Beauvillier, Charlie Coyle, Jesper Bratt
Custom OT Lines Defensemen
Jaccob Slavin, Hampus Lindholm, Chris Tanev, Adam Pelech, Neal Pionk

Scratches
None

ANCHORAGE ACES

5 vs 5 Forward 
   Center                   Left Wing                Right Wing               Time % Phy DF OF 
 1 Connor McDavid           Nikolaj Ehlers           Jakob Silfverberg        30     0   1  4  
 2 Phillip Danault          Chris Kreider            Reyley Smith             30     0   1  4  
 3 Nathan MacKinnon         Brandon Saad             Cal Clutterbuck          30     1   2  2  
 4 Nate Thompson            Jacob de la Rose         Michael Frolik           10     1   2  2  

5 vs 5 Defense 
   Defense                  Defense                                           Time % Phy DF OF 
 1 Shea Weber               Seth Jones                                        38     1   2  2  
 2 Ben Chiarot              Deryk Engelland                                   31     1   2  2  
 3 Carl Gunnarsson          Cale Fleury                                       21     1   2  2  
 4 Shea Weber               Ben Chiarot                                       10     1   2  2  

PowerPlay Forward 
   Center                   Left Wing                Right Wing               Time % Phy DF OF 
 1 Nathan MacKinnon         Nikolaj Ehlers           Jakob Silfverberg        50     0   1  4  
 2 Connor McDavid           Chris Kreider            Reyley Smith             50     0   1  4  

PowerPlay Defense
   Defense                  Defense                                           Time % Phy DF OF 
 1 Shea Weber               Seth Jones                                        55     1   1  3  
 2 Ben Chiarot              Carl Gunnarsson                                   45     1   2  2  

Penalty Kill 4 Players Forward 
   Center                   Wing                     Time % Phy DF OF 
 1 Phillip Danault          Jakob Silfverberg        55     1   2  2  
 2 Brandon Saad             Cal Clutterbuck          45     1   2  2  

Penalty Kill 4 Players Defense
   Defense                  Defense                  Time % Phy DF OF 
 1 Shea Weber               Seth Jones               55     1   2  2  
 2 Ben Chiarot              Carl Gunnarsson          45     1   2  2  

Penalty Kill - 3 Players Forward 
   Forward                                           Time % Phy DF OF 
 1 Phillip Danault                                   55     1   2  2  
 2 Cal Clutterbuck                                   45     1   2  2  

Penalty Kill - 3 Players Defense
   Defense                  Defense                  Time % Phy DF OF 
 1 Shea Weber               Seth Jones               55     1   2  2  
 2 Ben Chiarot              Carl Gunnarsson          45     1   2  2  

4 vs 4 Forward 
   Center                   Wing                     Time % Phy DF OF 
 1 Nathan MacKinnon         Connor McDavid           55     1   2  2  
 2 Chris Kreider            Jakob Silfverberg        45     1   2  2  

4 vs 4 Defense
   Defense                  Defense                  Time % Phy DF OF 
 1 Shea Weber               Seth Jones               55     1   2  2  
 2 Ben Chiarot              Carl Gunnarsson          45     1   2  2  

Last Minutes Offensive
   Center                   Left Wing                Right Wing               Defense                  Defense                  
   Nathan MacKinnon         Nikolaj Ehlers           Connor McDavid           Shea Weber               Seth Jones               

Last Minutes Defensive
   Center                   Left Wing                Right Wing               Defense                  Defense                  
   Phillip Danault          Chris Kreider            Jakob Silfverberg        Shea Weber               Seth Jones               

Goaltenders
Starting : Braden Holtby            
Backup : James Reimer             

Extra Forwards
Normal : Jacob de la Rose, Nikolaj Ehlers, Phillip Danault - PP : Jacob de la Rose, Nikolaj Ehlers - PK : Phillip Danault
Extra Defensemen
Normal : Carl Gunnarsson, Cale Fleury, Ben Chiarot - PP : Carl Gunnarsson - PK : Carl Gunnarsson, Ben Chiarot
Penalty Shots
Nathan MacKinnon, Connor McDavid, Nikolaj Ehlers, Chris Kreider, Reyley Smith
Custom OT Lines Forwards
Nathan MacKinnon, Connor McDavid, Chris Kreider, Jakob Silfverberg, Reyley Smith, Nikolaj Ehlers, Phillip Danault, Brandon Saad, Nate Thompson, Cal Clutterbuck
Custom OT Lines Defensemen
Shea Weber, Seth Jones, Ben Chiarot, Deryk Engelland, Carl Gunnarsson

Scratches
Robert Bortuzzo (Torso Injury)

% Time on Ice - SAN JOSE BRONCOS

Lines # - Real PCT - Wanted PCT - Time Play
Normal Forward
1 - 35% - 36% - 15:39
2 - 30% - 33% - 13:39
3 - 27% - 25% - 12:13
4 - 8% - 6% - 3:48
Normal Defense
1 - 34% - 37% - 15:14
2 - 34% - 33% - 15:17
3 - 33% - 30% - 14:48
4 - 0% - 0% - 0:00
PP Forward
1 - 55% - 60% - 4:32
2 - 45% - 40% - 3:43
PP Defense
1 - 55% - 60% - 4:32
2 - 45% - 40% - 3:43
PK Forward
1 - 45% - 50% - 2:42
2 - 55% - 50% - 3:15
PK Defense
1 - 46% - 50% - 2:43
2 - 54% - 50% - 3:14
PK3 Forward
1 - 0% - 50%
2 - 0% - 50%
PK3 Defense
1 - 0% - 55%
2 - 0% - 45%
44 Forward
1 - 0% - 50%
2 - 0% - 50%
44 Defense
1 - 0% - 50%
2 - 0% - 50%
Last Minute Offensive  - 0:29
Last Minute Defensive  - 0:00
Total
Forward - 60:00
Defense - 60:00

% Time on Ice - ANCHORAGE ACES

Lines # - Real PCT - Wanted PCT - Time Play
Normal Forward
1 - 27% - 30% - 12:29
2 - 30% - 30% - 13:27
3 - 29% - 30% - 12:59
4 - 14% - 10% - 6:34
Normal Defense
1 - 37% - 38% - 16:52
2 - 33% - 31% - 15:00
3 - 26% - 21% - 11:50
4 - 4% - 10% - 1:47
PP Forward
1 - 53% - 50% - 3:10
2 - 47% - 50% - 2:47
PP Defense
1 - 51% - 55% - 3:03
2 - 49% - 45% - 2:54
PK Forward
1 - 69% - 55% - 4:34
2 - 31% - 45% - 2:01
PK Defense
1 - 56% - 55% - 3:42
2 - 44% - 45% - 2:53
PK3 Forward
1 - 46% - 55% - 0:46
2 - 54% - 45% - 0:54
PK3 Defense
1 - 73% - 55% - 1:13
2 - 27% - 45% - 0:27
44 Forward
1 - 0% - 55%
2 - 0% - 45%
44 Defense
1 - 0% - 55%
2 - 0% - 45%
Last Minute Offensive  - 0:00
Last Minute Defensive  - 0:19
Total
Forward - 60:00
Defense - 60:00

Play-by-Play

1st period


0:01 of 1st period - Brayden Point wins face-off versus Connor McDavid in neutral zone.
0:04 of 1st period - Jakob Silfverberg is hit by Brayden Point and loses puck.
0:08 of 1st period - Icing by Seth Jones.
0:09 of 1st period - Evgeni Malkin wins face-off versus Connor McDavid in ANCHORAGE ACES zone.
0:48 of 1st period - Shot by Connor McDavid.
0:48 of 1st period - Stopped by Jacob Markstrom without a rebound.
0:49 of 1st period - Phillip Danault wins face-off versus Jesper Bratt in SAN JOSE BRONCOS zone.
1:24 of 1st period - Icing by Ben Chiarot.
1:25 of 1st period - Brayden Point wins face-off versus Phillip Danault in ANCHORAGE ACES zone.
1:47 of 1st period - Off-side.
1:48 of 1st period - Nathan MacKinnon wins face-off versus Charlie Coyle in neutral zone.
2:18 of 1st period - Shot by Brandon Saad.
2:18 of 1st period - Goal by Brandon Saad - SAN JOSE BRONCOS : 0 - ANCHORAGE ACES : 1.
2:19 of 1st period - Nate Thompson wins face-off versus Brayden Point in neutral zone.
2:40 of 1st period - Shot by Brayden Point.
2:40 of 1st period - Stopped by Braden Holtby with a rebound.
2:42 of 1st period - Shot by Hampus Lindholm.
2:42 of 1st period - Deflect By Brayden Point.
2:42 of 1st period - Stopped by Braden Holtby without a rebound.
2:43 of 1st period - Evgeni Malkin wins face-off versus Connor McDavid in ANCHORAGE ACES zone.
2:45 of 1st period - Claude Giroux is hit by Ben Chiarot and loses puck.
3:00 of 1st period - Shot by Connor McDavid.
3:00 of 1st period - Shot Misses the Net.
3:02 of 1st period - Shot by Nikolaj Ehlers.
3:02 of 1st period - Stopped by Jacob Markstrom without a rebound.
3:03 of 1st period - Brayden Point wins face-off versus Brandon Saad in SAN JOSE BRONCOS zone.
3:20 of 1st period - Shot by Brayden Point.
3:20 of 1st period - Shot Misses the Net.
3:22 of 1st period - Shot by Oliver Bjorkstrand.
3:22 of 1st period - Stopped by Braden Holtby without a rebound.
3:23 of 1st period - Phillip Danault wins face-off versus Nick Bonino in ANCHORAGE ACES zone.
3:23 of 1st period - Phillip Danault is hit by Jesper Bratt.
3:37 of 1st period - Off-side.
3:38 of 1st period - Evgeni Malkin wins face-off versus Brandon Saad in neutral zone.
3:41 of 1st period - Cal Clutterbuck is hit by Claude Giroux and loses puck.
4:27 of 1st period - Shot by Evgeni Malkin.
4:27 of 1st period - Shot Misses the Net.
5:08 of 1st period - Off-side.
5:09 of 1st period - Phillip Danault wins face-off versus Anthony Beauvillier in neutral zone.
5:11 of 1st period - Reyley Smith is hit by Adam Pelech and loses puck.
5:51 of 1st period - Chris Kreider is hit by Nick Bonino and loses puck.
6:08 of 1st period - Shot by Evgeni Malkin.
6:08 of 1st period - Shot Misses the Net.
6:36 of 1st period - Icing by Deryk Engelland.
6:37 of 1st period - Phillip Danault wins face-off versus Connor Brown in ANCHORAGE ACES zone.
6:49 of 1st period - Off-side.
6:50 of 1st period - Connor McDavid wins face-off versus Charlie Coyle in neutral zone.
7:17 of 1st period - Shot by Nikolaj Ehlers.
7:17 of 1st period - Shot Misses the Net.
7:19 of 1st period - Shot by Seth Jones.
7:19 of 1st period - Stopped by Jacob Markstrom with a rebound.
7:43 of 1st period - Nikolaj Ehlers is hit by Connor Brown and loses puck.
8:19 of 1st period - Nathan MacKinnon is hit by Adam Pelech and loses puck.
9:03 of 1st period - Shot by Jacob de la Rose.
9:03 of 1st period - Shot Blocked by Adam Pelech.
9:05 of 1st period - Shot by Nate Thompson.
9:05 of 1st period - Deflect By Jacob de la Rose.
9:05 of 1st period - Shot Misses the Net.
9:07 of 1st period - Shot by Jacob de la Rose.
9:07 of 1st period - Shot Misses the Net.
9:09 of 1st period - Shot by Nate Thompson.
9:09 of 1st period - Stopped by Jacob Markstrom without a rebound.
9:10 of 1st period - Nick Bonino wins face-off versus Chris Kreider in SAN JOSE BRONCOS zone.
9:14 of 1st period - Off-side.
9:15 of 1st period - Phillip Danault wins face-off versus Nick Bonino in neutral zone.
9:46 of 1st period - Off-side.
9:47 of 1st period - Nathan MacKinnon wins face-off versus Evgeni Malkin in neutral zone.
9:52 of 1st period - Shot by Brandon Saad.
9:52 of 1st period - Shot Misses the Net.
10:08 of 1st period - Shot by Nathan MacKinnon.
10:08 of 1st period - Stopped by Jacob Markstrom without a rebound.
10:09 of 1st period - Connor McDavid wins face-off versus Charlie Coyle in SAN JOSE BRONCOS zone.
10:28 of 1st period - Connor McDavid is hit by Tyler Motte and loses puck.
10:42 of 1st period - Shot by Tyler Motte.
10:42 of 1st period - Deflect By David Kampf.
10:42 of 1st period - Shot Misses the Net.
10:44 of 1st period - Shot by David Kampf.
10:44 of 1st period - Shot Misses the Net.
10:52 of 1st period - Shot by Charlie Coyle.
10:52 of 1st period - Shot Misses the Net.
11:02 of 1st period - Shot by Evgeni Malkin.
11:02 of 1st period - Stopped by Braden Holtby without a rebound.
11:03 of 1st period - Nathan MacKinnon wins face-off versus Evgeni Malkin in ANCHORAGE ACES zone.
12:23 of 1st period - Cal Clutterbuck is hit by Jesper Bratt and loses puck.
12:47 of 1st period - Shot by Oliver Bjorkstrand.
12:47 of 1st period - Stopped by Braden Holtby without a rebound.
12:48 of 1st period - Phillip Danault wins face-off versus Brayden Point in ANCHORAGE ACES zone.
12:59 of 1st period - Shot by Brayden Point.
12:59 of 1st period - Stopped by Braden Holtby without a rebound.
13:00 of 1st period - Evgeni Malkin wins face-off versus Nate Thompson in ANCHORAGE ACES zone.
13:04 of 1st period - Icing by Shea Weber.
13:05 of 1st period - Brayden Point wins face-off versus Nate Thompson in ANCHORAGE ACES zone.
13:14 of 1st period - Shot by Oliver Bjorkstrand.
13:14 of 1st period - Shot Misses the Net.
13:17 of 1st period - Icing by Seth Jones.
13:18 of 1st period - Nate Thompson wins face-off versus Evgeni Malkin in ANCHORAGE ACES zone.
13:20 of 1st period - Seth Jones is hit by Claude Giroux and loses puck.
13:25 of 1st period - Shot by Evgeni Malkin.
13:25 of 1st period - Deflect By Claude Giroux.
13:25 of 1st period - Stopped by Braden Holtby without a rebound.
13:26 of 1st period - Reyley Smith wins face-off versus Brayden Point in ANCHORAGE ACES zone.
14:05 of 1st period - Shot by Reyley Smith.
14:05 of 1st period - Shot Blocked by Connor Brown.
14:24 of 1st period - Chris Kreider is hit by Jaccob Slavin and loses puck.
14:55 of 1st period - Claude Giroux is hit by Connor McDavid.
15:05 of 1st period - Shot by Nikolaj Ehlers.
15:05 of 1st period - Stopped by Jacob Markstrom without a rebound.
15:06 of 1st period - Nate Thompson wins face-off versus Nick Bonino in SAN JOSE BRONCOS zone.
15:29 of 1st period - Shot by Jacob de la Rose.
15:29 of 1st period - Stopped by Jacob Markstrom without a rebound.
15:30 of 1st period - Oliver Bjorkstrand wins face-off versus Connor McDavid in SAN JOSE BRONCOS zone.
17:09 of 1st period - Chris Tanev is hit by Cal Clutterbuck and loses puck.
17:43 of 1st period - Reyley Smith is hit by Hampus Lindholm and loses puck.
17:58 of 1st period - Shot by Chris Kreider.
17:58 of 1st period - Deflect By Phillip Danault.
17:58 of 1st period - Shot Misses the Net.
18:22 of 1st period - Seth Jones is hit by Evgeni Malkin and loses puck.
19:25 of 1st period - Shot by Connor McDavid.
19:25 of 1st period - Shot Misses the Net.
19:31 of 1st period - Shot by Jakob Silfverberg.
19:31 of 1st period - Stopped by Jacob Markstrom without a rebound.
19:32 of 1st period - Nathan MacKinnon wins face-off versus Nick Bonino in SAN JOSE BRONCOS zone.
19:49 of 1st period - Shot by Brandon Saad.
19:49 of 1st period - Shot Misses the Net.
19:51 of 1st period - Shot by Cal Clutterbuck.
19:51 of 1st period - Stopped by Jacob Markstrom without a rebound.
19:52 of 1st period - Charlie Coyle wins face-off versus Connor McDavid in SAN JOSE BRONCOS zone.
19:52 of 1st period - Charlie Coyle is hit by Jakob Silfverberg.
19:53 of 1st period - Minor Penalty to Nikolaj Ehlers for High sticking.
19:54 of 1st period - Evgeni Malkin wins face-off versus Phillip Danault in ANCHORAGE ACES zone.
19:57 of 1st period - Shot by Claude Giroux.
19:57 of 1st period - Stopped by Braden Holtby without a rebound.
19:58 of 1st period - Phillip Danault wins face-off versus Evgeni Malkin in ANCHORAGE ACES zone.
Goals for this period are 0 for SAN JOSE BRONCOS vs 1 for ANCHORAGE ACES.
Shots for this period are 8 for SAN JOSE BRONCOS vs 10 for ANCHORAGE ACES.

2nd period


0:01 of 2nd period - Phillip Danault wins face-off versus Evgeni Malkin in neutral zone.
0:20 of 2nd period - Shot by Claude Giroux.
0:20 of 2nd period - Shot Misses the Net.
0:28 of 2nd period - Shot by Connor Brown.
0:28 of 2nd period - Shot Misses the Net.
0:36 of 2nd period - Shot by Evgeni Malkin.
0:36 of 2nd period - Shot Misses the Net.
0:38 of 2nd period - Shot by Jaccob Slavin.
0:38 of 2nd period - Stopped by Braden Holtby without a rebound.
0:39 of 2nd period - Brayden Point wins face-off versus Brandon Saad in ANCHORAGE ACES zone.
0:44 of 2nd period - Shot by Elias Lindholm.
0:44 of 2nd period - Stopped by Braden Holtby without a rebound.
0:45 of 2nd period - Brayden Point wins face-off versus Phillip Danault in ANCHORAGE ACES zone.
0:50 of 2nd period - Shot by Elias Lindholm.
0:50 of 2nd period - Stopped by Braden Holtby without a rebound.
0:51 of 2nd period - Evgeni Malkin wins face-off versus Phillip Danault in ANCHORAGE ACES zone.
0:52 of 2nd period - Shot by Claude Giroux.
0:52 of 2nd period - Shot Misses the Net.
0:54 of 2nd period - Shot by Evgeni Malkin.
0:54 of 2nd period - Stopped by Braden Holtby without a rebound.
0:55 of 2nd period - Evgeni Malkin wins face-off versus Phillip Danault in ANCHORAGE ACES zone.
1:13 of 2nd period - Off-side.
1:14 of 2nd period - Brayden Point wins face-off versus Phillip Danault in neutral zone.
1:35 of 2nd period - Shot by Oliver Bjorkstrand.
1:35 of 2nd period - Shot Blocked by Shea Weber.
1:37 of 2nd period - Shot by Oliver Bjorkstrand.
1:37 of 2nd period - Stopped by Braden Holtby without a rebound.
1:38 of 2nd period - Evgeni Malkin wins face-off versus Brandon Saad in ANCHORAGE ACES zone.
3:08 of 2nd period - Evgeni Malkin is hit by Connor McDavid and loses puck.
3:57 of 2nd period - Shot by Oliver Bjorkstrand.
3:57 of 2nd period - Stopped by Braden Holtby without a rebound.
3:58 of 2nd period - Phillip Danault wins face-off versus Charlie Coyle in ANCHORAGE ACES zone.
4:07 of 2nd period - Shot by Phillip Danault.
4:07 of 2nd period - Stopped by Jacob Markstrom without a rebound.
4:08 of 2nd period - Nathan MacKinnon wins face-off versus Brayden Point in SAN JOSE BRONCOS zone.
4:28 of 2nd period - Minor Penalty to Adam Pelech for Hooking.
4:29 of 2nd period - Connor McDavid wins face-off versus Evgeni Malkin in SAN JOSE BRONCOS zone.
4:44 of 2nd period - Shot by Connor McDavid.
4:44 of 2nd period - Stopped by Jacob Markstrom with a rebound.
4:46 of 2nd period - Shot by Chris Kreider.
4:46 of 2nd period - Deflect By Connor McDavid.
4:46 of 2nd period - Stopped by Jacob Markstrom with a rebound.
4:48 of 2nd period - Shot by Chris Kreider.
4:48 of 2nd period - Shot Misses the Net.
4:50 of 2nd period - Shot by Carl Gunnarsson.
4:50 of 2nd period - Shot Blocked by Chris Tanev.
4:52 of 2nd period - Shot by Chris Kreider.
4:52 of 2nd period - Stopped by Jacob Markstrom without a rebound.
4:53 of 2nd period - Nathan MacKinnon wins face-off versus Evgeni Malkin in SAN JOSE BRONCOS zone.
5:12 of 2nd period - Shot by Nathan MacKinnon.
5:12 of 2nd period - Shot Blocked by Nick Bonino.
5:14 of 2nd period - Shot by Shea Weber.
5:14 of 2nd period - Stopped by Jacob Markstrom without a rebound.
5:15 of 2nd period - Connor McDavid wins face-off versus Evgeni Malkin in SAN JOSE BRONCOS zone.
5:18 of 2nd period - Shot by Chris Kreider.
5:18 of 2nd period - Shot Misses the Net.
5:42 of 2nd period - Shot by Chris Kreider.
5:42 of 2nd period - Stopped by Jacob Markstrom without a rebound.
5:43 of 2nd period - Nick Bonino wins face-off versus Nikolaj Ehlers in SAN JOSE BRONCOS zone.
6:02 of 2nd period - Shot by Jakob Silfverberg.
6:02 of 2nd period - Deflect By Nathan MacKinnon.
6:02 of 2nd period - Shot Misses the Net.
6:10 of 2nd period - Shot by Nathan MacKinnon.
6:10 of 2nd period - Shot Misses the Net.
6:18 of 2nd period - Shot by Jakob Silfverberg.
6:18 of 2nd period - Stopped by Jacob Markstrom without a rebound.
6:19 of 2nd period - Evgeni Malkin wins face-off versus Connor McDavid in SAN JOSE BRONCOS zone.
7:02 of 2nd period - Shot by Elias Lindholm.
7:02 of 2nd period - Goal by Elias Lindholm - SAN JOSE BRONCOS : 1 - ANCHORAGE ACES : 1.
7:03 of 2nd period - Phillip Danault wins face-off versus Brayden Point in neutral zone.
7:22 of 2nd period - Shot by Chris Kreider.
7:22 of 2nd period - Shot Blocked by Chris Tanev.
7:24 of 2nd period - Shot by Shea Weber.
7:24 of 2nd period - Shot Blocked by Chris Tanev.
8:20 of 2nd period - Shot by Nikolaj Ehlers.
8:20 of 2nd period - Shot Blocked by Jaccob Slavin.
8:22 of 2nd period - Shot by Jakob Silfverberg.
8:22 of 2nd period - Stopped by Jacob Markstrom without a rebound.
8:23 of 2nd period - Evgeni Malkin wins face-off versus Nathan MacKinnon in SAN JOSE BRONCOS zone.
8:23 of 2nd period - Evgeni Malkin is hit by Cal Clutterbuck.
8:36 of 2nd period - Claude Giroux is hit by Ben Chiarot and loses puck.
8:40 of 2nd period - Elias Lindholm is hit by Ben Chiarot and loses puck.
9:47 of 2nd period - Shot by Connor Brown.
9:47 of 2nd period - Shot Blocked by Ben Chiarot.
9:49 of 2nd period - Shot by Brayden Point.
9:49 of 2nd period - Shot Misses the Net.
9:51 of 2nd period - Shot by Hampus Lindholm.
9:51 of 2nd period - Shot Misses the Net.
9:54 of 2nd period - Oliver Bjorkstrand is hit by Deryk Engelland and loses puck.
10:10 of 2nd period - Icing by Ben Chiarot.
10:11 of 2nd period - Nathan MacKinnon wins face-off versus Nick Bonino in ANCHORAGE ACES zone.
10:47 of 2nd period - Shot by Connor McDavid.
10:47 of 2nd period - Stopped by Jacob Markstrom with a rebound.
10:59 of 2nd period - Shot by Nikolaj Ehlers.
10:59 of 2nd period - Shot Misses the Net.
11:01 of 2nd period - Shot by Seth Jones.
11:01 of 2nd period - Shot Misses the Net.
11:03 of 2nd period - Shot by Seth Jones.
11:03 of 2nd period - Goal by Seth Jones - SAN JOSE BRONCOS : 1 - ANCHORAGE ACES : 2.
11:04 of 2nd period - Phillip Danault wins face-off versus Evgeni Malkin in neutral zone.
11:09 of 2nd period - Shot by Chris Kreider.
11:09 of 2nd period - Shot Misses the Net.
11:11 of 2nd period - Shot by Cale Fleury.
11:11 of 2nd period - Shot Hit the Post.
11:13 of 2nd period - Shot by Phillip Danault.
11:13 of 2nd period - Shot Misses the Net.
11:15 of 2nd period - Shot by Carl Gunnarsson.
11:15 of 2nd period - Shot Blocked by Marco Scandella.
11:17 of 2nd period - Shot by Chris Kreider.
11:17 of 2nd period - Shot Misses the Net.
11:48 of 2nd period - Icing by Marco Scandella.
11:49 of 2nd period - Evgeni Malkin wins face-off versus Connor McDavid in SAN JOSE BRONCOS zone.
12:02 of 2nd period - Icing by Jakob Silfverberg.
12:03 of 2nd period - Connor McDavid wins face-off versus Brayden Point in ANCHORAGE ACES zone.
12:26 of 2nd period - Shot by Connor McDavid.
12:26 of 2nd period - Stopped by Jacob Markstrom without a rebound.
12:27 of 2nd period - Nick Bonino wins face-off versus Phillip Danault in SAN JOSE BRONCOS zone.
12:42 of 2nd period - Carl Gunnarsson is hit by Anthony Beauvillier.
12:46 of 2nd period - Shot by Chris Kreider.
12:46 of 2nd period - Shot Misses the Net.
12:50 of 2nd period - Shot by Phillip Danault.
12:50 of 2nd period - Shot Misses the Net.
13:00 of 2nd period - Shot by Chris Kreider.
13:00 of 2nd period - Stopped by Jacob Markstrom without a rebound.
13:01 of 2nd period - Jakob Silfverberg wins face-off versus Brayden Point in SAN JOSE BRONCOS zone.
13:02 of 2nd period - Shot by Connor McDavid.
13:02 of 2nd period - Stopped by Jacob Markstrom without a rebound.
13:03 of 2nd period - Connor McDavid wins face-off versus Connor Brown in SAN JOSE BRONCOS zone.
13:03 of 2nd period - Nikolaj Ehlers is hit by Jaccob Slavin and loses puck.
13:15 of 2nd period - Minor Penalty to Jakob Silfverberg for Hooking.
13:16 of 2nd period - Phillip Danault wins face-off versus Evgeni Malkin in ANCHORAGE ACES zone.
13:34 of 2nd period - Minor Penalty to Shea Weber for Holding.
13:35 of 2nd period - Phillip Danault wins face-off versus Brayden Point in ANCHORAGE ACES zone.
14:01 of 2nd period - Off-side.
14:02 of 2nd period - Evgeni Malkin wins face-off versus Cal Clutterbuck in neutral zone.
14:09 of 2nd period - Shot by Claude Giroux.
14:09 of 2nd period - Shot Misses the Net.
14:24 of 2nd period - Shot by Evgeni Malkin.
14:24 of 2nd period - Shot Blocked by Ben Chiarot.
14:26 of 2nd period - Shot by Claude Giroux.
14:26 of 2nd period - Shot Misses the Net.
15:09 of 2nd period - Shot by Brayden Point.
15:09 of 2nd period - Shot Misses the Net.
15:17 of 2nd period - Shot by Elias Lindholm.
15:17 of 2nd period - Stopped by Braden Holtby without a rebound.
15:18 of 2nd period - Phillip Danault wins face-off versus Brayden Point in ANCHORAGE ACES zone.
16:02 of 2nd period - Shot by Michael Frolik.
16:02 of 2nd period - Shot Misses the Net.
16:19 of 2nd period - Jesper Bratt is hit by Cale Fleury and loses puck.
16:30 of 2nd period - Minor Penalty to Jakob Silfverberg for Hooking.
16:31 of 2nd period - Evgeni Malkin wins face-off versus Phillip Danault in ANCHORAGE ACES zone.
16:47 of 2nd period - Shot by Connor Brown.
16:47 of 2nd period - Deflect By Evgeni Malkin.
16:47 of 2nd period - Shot Misses the Net.
16:57 of 2nd period - Cal Clutterbuck is hit by Claude Giroux and loses puck.
17:18 of 2nd period - Shot by Chris Kreider.
17:18 of 2nd period - Stopped by Jacob Markstrom without a rebound.
17:19 of 2nd period - Brayden Point wins face-off versus Phillip Danault in SAN JOSE BRONCOS zone.
17:34 of 2nd period - Shot by Chris Tanev.
17:34 of 2nd period - Shot Misses the Net.
17:36 of 2nd period - Shot by Elias Lindholm.
17:36 of 2nd period - Shot Misses the Net.
17:38 of 2nd period - Shot by Chris Tanev.
17:38 of 2nd period - Stopped by Braden Holtby without a rebound.
17:39 of 2nd period - Brandon Saad wins face-off versus Brayden Point in ANCHORAGE ACES zone.
17:59 of 2nd period - Icing by Chris Tanev.
18:00 of 2nd period - Elias Lindholm wins face-off versus Brandon Saad in SAN JOSE BRONCOS zone.
18:20 of 2nd period - Shot by Brayden Point.
18:20 of 2nd period - Stopped by Braden Holtby with a rebound.
18:22 of 2nd period - Shot by Chris Tanev.
18:22 of 2nd period - Stopped by Braden Holtby without a rebound.
18:23 of 2nd period - Phillip Danault wins face-off versus Evgeni Malkin in ANCHORAGE ACES zone.
18:49 of 2nd period - Icing by Jakob Silfverberg.
18:50 of 2nd period - Charlie Coyle wins face-off versus Connor McDavid in ANCHORAGE ACES zone.
19:03 of 2nd period - Shot by Charlie Coyle.
19:03 of 2nd period - Stopped by Braden Holtby with a rebound.
19:27 of 2nd period - Shot by Charlie Coyle.
19:27 of 2nd period - Stopped by Braden Holtby without a rebound.
19:28 of 2nd period - Phillip Danault wins face-off versus Brayden Point in ANCHORAGE ACES zone.
19:28 of 2nd period - Phillip Danault is hit by Brayden Point.
19:34 of 2nd period - Shot by Brayden Point.
19:34 of 2nd period - Shot Misses the Net.
19:45 of 2nd period - Minor Penalty to Connor Brown for Holding.
19:46 of 2nd period - Connor McDavid wins face-off versus Nick Bonino in SAN JOSE BRONCOS zone.
19:57 of 2nd period - Shot by Connor McDavid.
19:57 of 2nd period - Stopped by Jacob Markstrom without a rebound.
19:58 of 2nd period - Nikolaj Ehlers wins face-off versus Nick Bonino in SAN JOSE BRONCOS zone.
Goals for this period are 1 for SAN JOSE BRONCOS vs 1 for ANCHORAGE ACES.
Shots for this period are 13 for SAN JOSE BRONCOS vs 15 for ANCHORAGE ACES.

3rd period


0:01 of 3rd period - Nathan MacKinnon wins face-off versus Evgeni Malkin in neutral zone.
0:04 of 3rd period - Shot by Seth Jones.
0:04 of 3rd period - Shot Misses the Net.
1:34 of 3rd period - Shot by Connor McDavid.
1:34 of 3rd period - Shot Misses the Net.
1:36 of 3rd period - Shot by Ben Chiarot.
1:36 of 3rd period - Stopped by Jacob Markstrom without a rebound.
1:37 of 3rd period - Nathan MacKinnon wins face-off versus Nick Bonino in SAN JOSE BRONCOS zone.
1:42 of 3rd period - Shot by Nikolaj Ehlers.
1:42 of 3rd period - Stopped by Jacob Markstrom without a rebound.
1:43 of 3rd period - Nick Bonino wins face-off versus Nathan MacKinnon in SAN JOSE BRONCOS zone.
2:19 of 3rd period - Shot by Nate Thompson.
2:19 of 3rd period - Shot Blocked by Marco Scandella.
2:41 of 3rd period - Shot by Cal Clutterbuck.
2:41 of 3rd period - Stopped by Jacob Markstrom without a rebound.
2:41 of 3rd period - Minor Penalty to Jacob Markstrom for Slashing.
2:42 of 3rd period - Charlie Coyle wins face-off versus Connor McDavid in SAN JOSE BRONCOS zone.
2:49 of 3rd period - Chris Kreider is hit by Charlie Coyle and loses puck.
3:10 of 3rd period - Shot by Connor McDavid.
3:10 of 3rd period - Stopped by Jacob Markstrom without a rebound.
3:11 of 3rd period - Evgeni Malkin wins face-off versus Nathan MacKinnon in SAN JOSE BRONCOS zone.
3:42 of 3rd period - Evgeni Malkin is hit by Nathan MacKinnon and loses puck.
4:42 of 3rd period - Shot by Jacob de la Rose.
4:42 of 3rd period - Shot Misses the Net.
4:45 of 3rd period - Icing by Chris Tanev.
4:46 of 3rd period - Nate Thompson wins face-off versus Brayden Point in SAN JOSE BRONCOS zone.
5:55 of 3rd period - Icing by Adam Pelech.
5:56 of 3rd period - Evgeni Malkin wins face-off versus Nathan MacKinnon in SAN JOSE BRONCOS zone.
6:52 of 3rd period - Icing by Jaccob Slavin.
6:53 of 3rd period - Nick Bonino wins face-off versus Connor McDavid in SAN JOSE BRONCOS zone.
6:57 of 3rd period - Icing by Anthony Beauvillier.
6:58 of 3rd period - Connor McDavid wins face-off versus Jesper Bratt in SAN JOSE BRONCOS zone.
7:03 of 3rd period - Shot by Nikolaj Ehlers.
7:03 of 3rd period - Shot Blocked by Jaccob Slavin.
7:20 of 3rd period - Shot by Nick Bonino.
7:20 of 3rd period - Stopped by Braden Holtby without a rebound.
7:21 of 3rd period - Phillip Danault wins face-off versus Brayden Point in ANCHORAGE ACES zone.
7:23 of 3rd period - Icing by Chris Kreider.
7:24 of 3rd period - Oliver Bjorkstrand wins face-off versus Phillip Danault in ANCHORAGE ACES zone.
7:31 of 3rd period - Shot by Oliver Bjorkstrand.
7:31 of 3rd period - Stopped by Braden Holtby without a rebound.
7:32 of 3rd period - Phillip Danault wins face-off versus Connor Brown in ANCHORAGE ACES zone.
8:43 of 3rd period - Off-side.
8:44 of 3rd period - Evgeni Malkin wins face-off versus Brandon Saad in neutral zone.
9:12 of 3rd period - Shot by Nathan MacKinnon.
9:12 of 3rd period - Stopped by Jacob Markstrom with a rebound.
9:46 of 3rd period - Shot by Jakob Silfverberg.
9:46 of 3rd period - Deflect By Connor McDavid.
9:46 of 3rd period - Stopped by Jacob Markstrom without a rebound.
9:47 of 3rd period - Phillip Danault wins face-off versus Nick Bonino in SAN JOSE BRONCOS zone.
10:16 of 3rd period - Shot by Anthony Beauvillier.
10:16 of 3rd period - Shot Hit the Post.
10:30 of 3rd period - Shot by Jesper Bratt.
10:30 of 3rd period - Shot Blocked by Seth Jones.
10:53 of 3rd period - Minor Penalty to Connor McDavid for Goalie Interference.
10:54 of 3rd period - Evgeni Malkin wins face-off versus Brandon Saad in ANCHORAGE ACES zone.
11:03 of 3rd period - Shot by Jaccob Slavin.
11:03 of 3rd period - Stopped by Braden Holtby without a rebound.
11:04 of 3rd period - Brandon Saad wins face-off versus Brayden Point in ANCHORAGE ACES zone.
11:37 of 3rd period - Shot by Oliver Bjorkstrand.
11:37 of 3rd period - Shot Misses the Net.
12:38 of 3rd period - Shot by Evgeni Malkin.
12:38 of 3rd period - Stopped by Braden Holtby without a rebound.
12:39 of 3rd period - Phillip Danault wins face-off versus Brayden Point in ANCHORAGE ACES zone.
13:05 of 3rd period - Shot by Nick Bonino.
13:05 of 3rd period - Stopped by Braden Holtby without a rebound.
13:06 of 3rd period - Charlie Coyle wins face-off versus Connor McDavid in ANCHORAGE ACES zone.
13:19 of 3rd period - Shot by Tyler Motte.
13:19 of 3rd period - Shot Hit the Post.
13:25 of 3rd period - Shot by Charlie Coyle.
13:25 of 3rd period - Stopped by Braden Holtby without a rebound.
13:26 of 3rd period - Nathan MacKinnon wins face-off versus Evgeni Malkin in ANCHORAGE ACES zone.
13:47 of 3rd period - Shot by Nathan MacKinnon.
13:47 of 3rd period - Stopped by Jacob Markstrom without a rebound.
13:48 of 3rd period - Brayden Point wins face-off versus Connor McDavid in SAN JOSE BRONCOS zone.
13:50 of 3rd period - Oliver Bjorkstrand is hit by Connor McDavid and loses puck.
14:07 of 3rd period - Shot by Connor McDavid.
14:07 of 3rd period - Stopped by Jacob Markstrom without a rebound.
14:08 of 3rd period - Nathan MacKinnon wins face-off versus Evgeni Malkin in SAN JOSE BRONCOS zone.
14:08 of 3rd period - Nathan MacKinnon is hit by Hampus Lindholm.
15:10 of 3rd period - Oliver Bjorkstrand is hit by Cal Clutterbuck and loses puck.
16:39 of 3rd period - Shot by Anthony Beauvillier.
16:39 of 3rd period - Shot Blocked by Chris Kreider.
16:47 of 3rd period - Shot by Anthony Beauvillier.
16:47 of 3rd period - Shot Misses the Net.
17:11 of 3rd period - Shot by Elias Lindholm.
17:11 of 3rd period - Shot Misses the Net.
17:35 of 3rd period - Shot by Jakob Silfverberg.
17:35 of 3rd period - Stopped by Jacob Markstrom with a rebound.
17:44 of 3rd period - Icing by Evgeni Malkin.
17:45 of 3rd period - Nate Thompson wins face-off versus Evgeni Malkin in SAN JOSE BRONCOS zone.
19:46 of 3rd period - Shot by Phillip Danault.
19:46 of 3rd period - Stopped by Jacob Markstrom without a rebound.
19:47 of 3rd period - Phillip Danault wins face-off versus Claude Giroux in SAN JOSE BRONCOS zone.
19:48 of 3rd period - Shot by Chris Kreider.
19:48 of 3rd period - Shot Blocked by Adam Pelech.
19:54 of 3rd period - SAN JOSE BRONCOS, Jacob Markstrom is pulled from the net.
Goals for this period are 0 for SAN JOSE BRONCOS vs 0 for ANCHORAGE ACES.
Shots for this period are 6 for SAN JOSE BRONCOS vs 10 for ANCHORAGE ACES.


JOHNNY
GAUDREAU
MATTHEW
BOLDY
OWEN
TIPPETT

EAST COAST

HOCKEY LEAGUE

  • 29.PIT6MAN7
  • 30.ATL6NHW2
  • 31.WOR4PET3
  • 32.3RHI4
  • 33.CHIQUE
  • 34.LIMCHA
  • 35.LONTRV
  • 36.BALCHW